 Dungeon Sprint DCSS version 0.27-a0-1442-g87b6fcb595 (webtiles) character file.

Game seed: 8805187994392934085

19691 mhtbhm the Phalangite (level 12, -1/125 HPs)
             Began as a Grey Draconian Berserker on July 4, 2021.
             Was the Champion of Trog.
             Slain by a merfolk impaler (21 damage)
             ... in the Dungeon (Sprint VII: "The Pits").
             The game lasted 00:07:48 (3973 turns).

mhtbhm the Phalangite (Grey Draconian Berserker)    Turns: 3973, Time: 00:07:50

Health: -1/125     AC: 14    Str: 23    XL:     12   Next: 38%
Magic:  12/12      EV:  9    Int:  9    God:    Trog [******]
Gold:   38         SH:  0    Dex: 14    Spells: 11/11 levels left

rFire    . . .     SeeInvis +   a - +5 glaive (flame)
rCold    . . .     Faith    .   (shield currently unavailable)
rNeg     . . .     Spirit   .   (armour unavailable)
rPois    .         Reflect  .   (helmet restricted)
rElec    .         Harm     .   o - +0 cloak
rCorr    .         Rampage  .   (no gloves)
Will     .....     NoTele   +   (no boots)
Stlth    ++++......             (no amulet)
HPRegen  0.30/turn              u - ring of see invisible
MPRegen  0.13/turn              k - +3 ring of dexterity

@: on berserk cooldown, held, slowed, very slow
A: AC +13, amphibious, unfitting armour, cold-blooded
a: Renounce Religion, Berserk, Trog's Hand, Brothers in Arms


You were in the Dungeon.
You worshipped Trog.
Trog was exalted by your worship.
You visited 1 branch You collected 38 gold pieces.

Inventory:

Hand Weapons
 a - a +5 glaive of flaming (weapon)
 g - a +6 antimagic glaive
Missiles
 j - 43 poisoned darts (quivered)
 p - 2 curare-tipped darts
Armour
 o - a +0 cloak (worn)
Jewellery
 k - a +3 ring of dexterity (right hand)
 u - a ring of see invisible (left hand)
Wands
 q - a wand of iceblast (6)
Scrolls
 i - a scroll of summoning
 s - 2 scrolls of identify
 t - a scroll of immolation
 v - 2 scrolls of fear
 w - 8 scrolls of enchant armour
 y - 2 scrolls of enchant weapon
Potions
 b - 10 potions of curing
 d - 5 potions of haste
 e - 4 potions of magic
 f - 4 potions of berserk rage
 h - 2 potions of invisibility
 m - 2 potions of resistance
 n - a potion of might
 r - a potion of flight
 x - a potion of mutation


   Skills:
 + Level 17.4 Fighting
 + Level 21.0 Polearms
 + Level 13.0 Dodging
 + Level 8.4 Stealth
 + Level 1.4 Evocations


You had 11 spell levels left.
You didn't know any spells.
Your spell library was empty.

Dungeon Overview and Level Annotations

Branches:
Dungeon (1/1)

Altars:
Cheibriados
Dithmenos
Elyvilon
Fedhas
Gozag
Hepliaklqana
Makhleb
Nemelex Xobeh
Okawaru
Qazlal
Ru
Sif Muna
Trog
Wu Jian
Xom
Yredelemnul
Zin
The Shining One
Jiyva


Innate Abilities, Weirdness & Mutations

Your dull iron-grey scales are very hard. (AC +13)
You are amphibious.
You cannot fit into any form of body armour.
You are cold-blooded and may be slowed by cold attacks.


Message History

You slash the merfolk! You burn the merfolk.
The merfolk is almost dead.
The merfolk impaler hits you from afar with a +6 trident of freezing!!
You feel as though you will be slow longer.
The merfolk impaler freezes you!
* * * LOW HITPOINT WARNING * * *
The merfolk closely misses you.
Your cyclops closely misses the merfolk.
The merfolk impaler hits you from afar with a +6 trident of freezing!
* * * LOW HITPOINT WARNING * * *
You feel as though you will be slow longer.
The merfolk impaler freezes you!
* * * LOW HITPOINT WARNING * * *
You slice the merfolk!! You burn the merfolk.
You kill the merfolk!
Trog accepts your kill. The merfolk impaler closely misses you.
Your cyclops hits the merfolk!!!
Unknown command.
Unknown command.
The merfolk throws a throwing net.
The throwing net hits you.
You become entangled in the net!
Your cyclops hits the merfolk!!!
The merfolk dies!
Trog accepts your kill.
Your Dodging skill increases to level 13!
There is a huge open gate to a Minivault (Hard) here.
You see here a throwing net.
Unknown command.
Unknown command.
Okay, then.
You struggle against the net.
You feel a strong urge to attack something.
Your cyclops completely misses the merfolk impaler.
Unknown command.
You struggle against the net.
You are no longer berserk.
You are exhausted.
You feel as though you will be slow longer.
Your cyclops hits the merfolk impaler!
The merfolk impaler hits you from afar with a +6 trident of freezing!!
You die...

#..........#
#..#....#..#
+..........#
+..........#
#..#....#..#
#..........+
#..........+
###''####''#
###'@####''##########
#..C...##............
#.#m##.##..........[.
#.#m .##..##########
# '} ##..# .#. #..#
++###########.+. #..#
.......##[)## ## #..#
#......##.รท# #..#


You could see a merfolk impaler (ally target), a merfolk and a friendly cyclops
(summoned, berserk).

Vanquished Creatures
  A great orb of eyes (D)
  A boulder beetle (D)
  A hydra (D)
  A death yak (D)
  A merfolk aquamancer (D)
  Sonja (D)
  A sixfirhy (D)
  A flayed ghost (D)
  A swamp dragon (D)
  2 lindwurms (D)
  Pikel (D)
  An orc knight (D)
  An ugly thing (D)
  A cane toad (D)
  A kobold demonologist (D)
  An efreet (D)
  A komodo dragon (D)
  A guardian mummy (D)
  A freezing wraith (D)
  A merfolk (D)
  3 trolls (D)
  A wandering mushroom (D)
  A polar bear (D)
  Grinder (D)
  A tyrant leech (D)
  13 dream sheep (D)
  5 blink frogs (D)
  A shadow (D)
  A ynoxinul (D)
  5 redbacks (D)
  3 water elementals (D)
  A wraith (D)
  4 yaks (D)
  A warg (D)
  2 vampire mosquitoes (D)
  A floating eye (D)
  3 orc warriors (D)
  A swamp drake (D)
  A small abomination (D)
  An ice beast (D)
  8 wolves (D)
  2 ogres (D)
  4 lemures (D)
  A kobold brigand (D)
  A jelly (D)
  An orc priest (D)
  Terence (D)
  2 orc wizards (D)
  A hell rat (D)
  A mummy (D)
  A river rat (D)
  An ufetubus (D)
  A worm (D)
  7 orcs (D)
  A bat zombie (D)
  2 endoplasms (D)
  A goblin (D)
  3 ball pythons (D)
  2 frilled lizards (D)
  A giant cockroach zombie (D)
  4 rats (D)
117 creatures vanquished.

Vanquished Creatures (collateral kills)
  A deep troll (D)
  A swamp dragon (D)
  An orange demon (D)
  An ice devil (D)
  A merfolk (D)
  2 jumping spiders (D)
  A redback (D)
  Menkaure (D)
  A warg (D)
  An acid dragon (D)
  An ogre (D)
12 creatures vanquished.

Grand Total: 129 creatures vanquished

Notes
Turn   | Place    | Note
-------+----------+-------------------------------------------
     0 | D        | mhtbhm the Draconian Berserker began the quest for the Orb.
     0 | D        | Reached XP level 1. HP: 19/19 MP: 1/1
    16 | D        | Found a bloodstained altar of Trog.
    16 | D        | Found a shimmering blue altar of Sif Muna.
    16 | D        | Found a viscous altar of Jiyva.
    16 | D        | Found a hazy altar of Hepliaklqana.
    16 | D        | Found an opulent altar of Gozag.
    17 | D        | Found a glowing golden altar of the Shining One.
    17 | D        | Found a glowing silver altar of Zin.
    17 | D        | Found a basalt altar of Yredelemnul.
    17 | D        | Found a shimmering altar of Xom.
    17 | D        | Found an ornate altar of the Wu Jian Council.
    17 | D        | Found a sacrificial altar of Ru.
    17 | D        | Found a stormy altar of Qazlal.
    17 | D        | Found an iron altar of Okawaru.
    17 | D        | Found a sparkling altar of Nemelex Xobeh.
    17 | D        | Found a burning altar of Makhleb.
    17 | D        | Found a blossoming altar of Fedhas.
    17 | D        | Found a white marble altar of Elyvilon.
    17 | D        | Found a shadowy altar of Dithmenos.
    17 | D        | Found a snail-covered altar of Cheibriados.
   137 | D        | Reached ** piety under Trog
   270 | D        | Reached XP level 2. HP: 27/27 MP: 2/2
   324 | D        | Reached *** piety under Trog
   325 | D        | Reached skill level 4 in Polearms
   384 | D        | Noticed a floating eye
   389 | D        | Killed a floating eye
   390 | D        | Reached skill level 6 in Polearms
   390 | D        | Reached skill level 5 in Dodging
   390 | D        | Reached XP level 3. HP: 38/38 MP: 3/3
   390 | D        | Reached XP level 4. HP: 45/45 MP: 4/4
   397 | D        | Reached **** piety under Trog
   471 | D        | Reached skill level 7 in Polearms
   471 | D        | Reached XP level 5. HP: 52/52 MP: 5/5
   506 | D        | Reached ***** piety under Trog
   509 | D        | Noticed a komodo dragon
   516 | D        | Killed a komodo dragon
   517 | D        | Reached skill level 9 in Polearms
   517 | D        | Reached skill level 1 in Stealth
   517 | D        | Reached XP level 6. HP: 63/63 MP: 6/6
   577 | D        | Noticed Terence
   577 | D        | Noticed Grinder
   582 | D        | Reached skill level 10 in Polearms
   587 | D        | Killed Grinder
   587 | D        | Received a gift from Trog
   588 | D        | Reached skill level 10 in Fighting
   588 | D        | Reached skill level 11 in Polearms
   588 | D        | Your scales start taking on a dull iron-grey colour.
   588 | D        | Reached XP level 7. HP: 72/72 MP: 7/7
   591 | D        | Killed Terence
   653 | D        | Noticed a freezing wraith
   653 | D        | Noticed a wraith
   666 | D        | Killed a freezing wraith
   669 | D        | Killed a wraith
   670 | D        | Reached skill level 12 in Polearms
   670 | D        | Reached XP level 8. HP: 81/81 MP: 8/8
   808 | D        | Noticed a blink frog
   809 | D        | Noticed a blink frog
   809 | D        | Noticed a blink frog
   810 | D        | Noticed a great orb of eyes
   810 | D        | Noticed a blink frog
   810 | D        | Noticed a blink frog
   816 | D        | Paralysed by a great orb of eyes for 2 turns
   821 | D        | Killed a great orb of eyes
   822 | D        | Reached skill level 13 in Polearms
   825 | D        | Killed a blink frog
   825 | D        | Received a gift from Trog
   826 | D        | Reached skill level 14 in Polearms
   826 | D        | Reached XP level 9. HP: 86/90 MP: 9/9
   848 | D        | Reached skill level 15 in Polearms
  1108 | D        | Noticed Pikel
  1126 | D        | Killed Pikel
  1194 | D        | Reached skill level 5 in Stealth
  1237 | D        | Noticed a death yak
  1244 | D        | Killed a death yak
  1244 | D        | Reached ****** piety under Trog
  1244 | D        | Received a gift from Trog
  1245 | D        | Reached skill level 16 in Polearms
  1245 | D        | Reached XP level 10. HP: 70/101 MP: 10/10
  1460 | D        | Received a gift from Trog
  1666 | D        | Noticed a flayed ghost
  1680 | D        | Killed a flayed ghost
  1681 | D        | Reached skill level 10 in Dodging
  1724 | D        | Noticed a lindwurm
  1730 | D        | Killed a lindwurm
  1731 | D        | Reached skill level 17 in Polearms
  1833 | D        | Noticed a cane toad
  1840 | D        | Killed a cane toad
  1840 | D        | Received a gift from Trog
  1865 | D        | Noticed an orc knight
  1871 | D        | Received a gift from Trog
  1882 | D        | Reached skill level 18 in Polearms
  1885 | D        | Killed an orc knight
  1886 | D        | Reached XP level 11. HP: 75/111 MP: 3/11
  1886 | D        | Received a gift from Trog
  1907 | D        | Noticed Menkaure
  1908 | D        | Killed Menkaure
  2224 | D        | Noticed Sonja
  2224 | D        | Noticed a boulder beetle
  2231 | D        | Killed Sonja
  2231 | D        | Received a gift from Trog
  2232 | D        | Reached skill level 15 in Fighting
  2248 | D        | Received a gift from Trog
  2249 | D        | Killed a boulder beetle
  2250 | D        | Reached skill level 19 in Polearms
  2311 | D        | Noticed a deep troll
  2322 | D        | Noticed a four-headed hydra
  2330 | D        | Killed a three-headed hydra
  2330 | D        | Received a gift from Trog
  2334 | D        | Noticed a sixfirhy
  2340 | D        | Noticed a soul eater
  2345 | D        | Killed a deep troll
  2345 | D        | Received a gift from Trog
  2346 | D        | Reached skill level 20 in Polearms
  2868 | D        | Noticed a swamp dragon
  2892 | D        | Killed a swamp dragon
  2892 | D        | Received a gift from Trog
  3266 | D        | Reached XP level 12. HP: 62/124 MP: 12/12
  3761 | D        | Noticed a merfolk aquamancer
  3773 | D        | Killed a merfolk aquamancer
  3773 | D        | Received a gift from Trog
  3774 | D        | Reached skill level 1 in Evocations
  3876 | D        | Received a gift from Trog
  3960 | D        | Noticed a merfolk impaler
  3963 | D        | Noticed a green draconian
  3963 | D        | Noticed a yellow draconian
  3966 | D        | Reached skill level 21 in Polearms
  3973 | D        | Slain by a merfolk impaler

Illustrated notes

Levels and vault maps discovered:
D:        pitsprint [storerooms_1, entrance_room_1, metal_vault_8, armoury_2,
          mini_pit_1, grid_room_1, main_hall_1, silver_pit, the_coven_3,
          the_vestibule_1, steel_vault_4, golden_pit, hallway_of_sentries,
          crystal_vault_6, iron_vault_3, final_vault]

Skill      XL: |  1  2  3  4  5  6  7  8  9 10 11 12 |
---------------+-------------------------------------+-----
Dodging        | 3 5 7 8 9 10 12 13 | 13.0
Fighting       | 4 6 7 9 10 11 13 14 16 17 | 17.4
Polearms       | 6 7 9 11 12 14 16 18 20 21 | 21.0
Stealth        | 1 2 3 5 6 7 8 |  8.4
Evocations     | 1 |  1.4

Action                   |  1- 3 |  4- 6 |  7- 9 | 10-12 || total
-------------------------+-------+-------+-------+-------++-------
Melee: Trident           |    23 |    38 |     5 |       ||    66
       Tailslap          |     4 |     7 |    10 |    28 ||    49
       Spear             |     1 |       |       |       ||     1
       Glaive            |       |       |    71 |   209 ||   280
Invok: Berserk           |     1 |     2 |     4 |    11 ||    18
       Brothers in Arms  |       |       |       |     5 ||     5
Evoke: Wand              |       |       |       |     2 ||     2
  Use: Potion            |       |       |     1 |    13 ||    14
       Scroll            |       |       |       |     1 ||     1
 Stab: Sleeping          |       |       |     2 |     4 ||     6
Armor: Skin              |     2 |     3 |    15 |    43 ||    63
Dodge: Dodged            |     7 |    13 |    23 |   152 ||   195

Table legend: (Time is in decaauts)
 A = Elapsed time spent in this place.
 B = Non-inter-level travel time spent in this place.
 C = Inter-level travel time spent in this place.
 D = Time resting spent in this place.
 E = Time spent auto-exploring this place.
 F = Levels seen in this place.
 G = Mean time per level.
                   A        B        C        D        E       F      G
               +--------+--------+--------+--------+--------+-----+--------+
         Total |   4064 |   4064 |      0 |   2898 |     55 |   1 | 4064.0 |
       Dungeon |   4064 |   4064 |      0 |   2898 |     55 |   1 | 4064.0 |
               +--------+--------+--------+--------+--------+-----+--------+

Top non-repeatable levels by time:
       D: 4064 daAuts
